 Dungeon Crawl Stone Soup version 0.32-a0-128-g77eb882913 (webtiles) character file.

Game seed: 8566498303366699757

67 zeratav the Trooper (level 4, -2/49 HPs)
             Began as an Oni Warper on Feb 8, 2024.
             Killed from afar by Sigmund (6 damage)
             ... with a puff of flame
             ... on level 2 of the Dungeon.
             The game lasted 00:02:47 (1924 turns).

zeratav the Trooper (Oni Warper)                    Turns: 1924, Time: 00:02:48

Health: -2/49      AC:  3    Str: 17    XL:     4   Next: 18%
Magic:  7/7        EV:  9    Int: 14    God:
Gold:   98         SH:  0    Dex:  8    Spells: 5/7 levels left

rFire   . . .        a - +0 mace {mace}
rCold   . . .        (no shield)
rNeg    . . .        b - +0 robe
rPois   .            (helmet restricted)
rElec   .            (no cloak)
rCorr   .            (gloves unavailable)
SInv    .            (boots unavailable)
Will    .....        (no amulet)
Stlth   +            (no ring)
HPRegen 0.28/turn    (no ring)
MPRegen 0.10/turn

%: no passive effects
@: no status effects
A: large, unfitting armour, horns 1, tough skin 1, double potion healing,
drunken brawling
a: no special abilities


You were on level 2 of the Dungeon.
You visited 1 branch of the dungeon, and saw 2 of its levels.

You collected 98 gold pieces.


Innate Abilities, Weirdness & Mutations

You are too large for most types of armour.
You have a pair of small horns on your head.
You have tough skin. (AC +1)
You gain doubled healing and magic from potions.
Whenever you drink a healing potion, you attack all around you.


   Skills:
 + Level 4.4 Fighting
 + Level 3.3 Maces & Flails
 - Level 1.0 Throwing
 - Level 2.1 Dodging
 - Level 2.4 Spellcasting
 - Level 2.6 Translocations


You had 5 spell levels left.
You knew the following spells:

 Your Spells              Type           Power      Damage    Failure   Level
a - Blink                 Tloc           18%        N/A       12%         2

Your spell library contained the following spells:

 Spells                   Type           Power      Damage    Failure   Level
 Lesser Beckoning         Tloc           18%        N/A       12%         2
 Teleport Other           Tloc           9%         N/A       22%         3
 Manifold Assault         Tloc           9%         N/A       58%         4
 Vhi's Electric Charge    Tloc/Air       10%        N/A       78%         4

Inventory:

Hand Weapons
 a - a +0 mace (weapon) {mace}
Missiles
 d - 7 darts of dispersal {=fthrowing}
Armour
 b - a +0 robe (worn)
Jewellery
 m - an amulet of the acrobat
   (You found it on level 2 of the Dungeon)
Scrolls
 c - a scroll of blinking {!r}
 e - a scroll of acquirement {unknown}
 f - 3 scrolls of identify {unknown}
 j - a scroll of teleportation {unknown}
 k - a scroll of fog {unknown}
 n - a scroll of revelation {unknown}
Potions
 g - a potion of might {unknown}
 h - a potion of degeneration {unknown}
 i - a potion of invisibility {unknown}

Dungeon Overview and Level Annotations

Branches:
Dungeon (2/15) Zot: 10049

Altars:

Annotations:
D:1 exclusion: 3 downstairs
D:2 Sigmund

....# #........#
....# #..(.....#
..).# #...######
....# #####...#####
##### #...#...#...#
#.>.#.ß.#.<.#
#...#...#...# ####
#####...#...#...#####
...#
#.........@@........#
##.#
#.>......)⌠....÷..<.#
#.#
#...................#
#.#
#####...#...#...#####
##.#### #...#...#...#
......# #.>.#.ß.#.<.#
#####.##
#...#...#...#
#..#######...#####
##..######...#


You could see Sigmund (poisoned).


Message History

The kobold hits you with a +0 dagger.
HP[-2]
You take 2 damage, and now have 47/49 hp.
You barely miss the kobold. The kobold hits you but does no damage.
You hit the kobold. The kobold barely misses you.
You hit the kobold.
You kill the kobold!
No target in view!
No target in view!
No target in view!
No target in view!
HP[+1] No target in view!
No target in view!
No target in view!
No target in view!
No target in view!
No target in view!
No target in view!
Found an escape hatch in the floor.
HP[+1]
Your hp is fully restored (49).
You start waiting.
Done waiting.
Sigmund shouts!
Sigmund is suddenly surrounded by pale red light.
Throw: 6 darts (poison) {throwing}
Press: ? - help, Q - select action, (/) - cycle Shift-Dir - straight line, f - Sigmund
Aim: Sigmund, wielding a +0 scythe and wearing a +0 robe (47% to hit)
You throw a poisoned dart {throwing}.
The poisoned dart {throwing} hits Sigmund.
Sigmund is poisoned.
Throw: 5 darts (poison) {throwing}
Press: ? - help, Q - select action, (/) - cycle Shift-Dir - straight line, f/p - Sigmund
Aim: Sigmund, wielding a +0 scythe and wearing a +0 robe (lightly wounded, poisoned, 47% to hit)
You throw a poisoned dart {throwing}.
The poisoned dart {throwing} barely misses Sigmund.
Sigmund casts a spell at you. The puff of flame hits you!
HP[-11]
You take 11 damage, and now have 38/49 hp.
MASSIVE DAMAGE!! (PAUSE) Throw: 4 darts (poison) {throwing}
Press: ? - help, Q - select action, (/) - cycle Shift-Dir - straight line, f/p - Sigmund
Aim: Sigmund, wielding a +0 scythe and wearing a +0 robe (lightly wounded, poisoned, 47% to hit)
You throw a poisoned dart {throwing}.
The poisoned dart {throwing} closely misses Sigmund.
HP[+1] Throw: 3 darts (poison) {throwing}
Press: ? - help, Q - select action, (/) - cycle Shift-Dir - straight line, f/p - Sigmund
Aim: Sigmund, wielding a +0 scythe and wearing a +0 robe (lightly wounded, poisoned, 47% to hit)
You throw a poisoned dart {throwing}.
The poisoned dart {throwing} hits Sigmund.
Sigmund looks even sicker.
Sigmund gestures at you while chanting. You resist with some effort.
Throw: 2 darts (poison) {throwing}
Press: ? - help, Q - select action, (/) - cycle Shift-Dir - straight line, f/p - Sigmund
Aim: Sigmund, wielding a +0 scythe and wearing a +0 robe (lightly wounded, very poisoned, 47% to hit)
You throw a poisoned dart {throwing}.
The poisoned dart {throwing} completely misses Sigmund.
Sigmund gestures at you while chanting. The puff of flame hits you.
HP[-4]
You take 4 damage, and now have 35/49 hp.
Throw: dart (poison) {throwing}
Press: ? - help, Q - select action, (/) - cycle Shift-Dir - straight line, f/p - Sigmund
Aim: Sigmund, wielding a +0 scythe and wearing a +0 robe (lightly wounded, very poisoned, 47% to hit)
You throw a poisoned dart {throwing}.
The poisoned dart {throwing} hits Sigmund.
Sigmund looks even sicker.
HP[+1] Sigmund attacks as he pursues you!
Sigmund closely misses you.
HP[+1]
You start resting.
Sigmund is nearby!
Unknown command.
Sigmund casts a spell at you. The magic dart hits you.
HP[-5]
You take 5 damage, and now have 32/49 hp.
Sigmund hits you with a +0 scythe!
* * * LOW HITPOINT WARNING * * *
HP[-10]
You take 10 damage, and now have 22/49 hp.
MASSIVE DAMAGE!! (PAUSE)
You barely miss Sigmund. Sigmund hits you with a +0 scythe!
* * * LOW HITPOINT WARNING * * *
HP[-7]
You take 7 damage, and now have 15/49 hp.
You barely miss Sigmund. Sigmund hits you with a +0 scythe!
* * * LOW HITPOINT WARNING * * *
HP[-11]
You take 11 damage, and now have 4/49 hp.
MASSIVE DAMAGE!! (PAUSE)
You closely miss Sigmund. Your headbutt misses Sigmund.
Sigmund gestures at you while chanting. The puff of flame hits you.
You die...
Sigmund begins carving another notch in his scythe.

Skill      XL: |  1  2  3 |
---------------+----------+-----
Fighting       | 3 4 |  4.4
Maces & Flails | 3 |  3.3
Throwing       | |  1.0
Dodging        | |  2.1
Spellcasting   | |  2.4
Translocations | |  2.6

Action                     |  1- 3 |  4- 6 || total
---------------------------+-------+-------++-------
  Melee: Mace              |    71 |    16 ||    87
         Headbutt          |     9 |       ||     9
         Punch             |     1 |       ||     1
  Throw: Dart              |     4 |     6 ||    10
 Armour: Robe              |    55 |    16 ||    71
  Dodge: Dodged            |    46 |     6 ||    52

Levels and vault maps discovered:
D:1:      lightli_arrival_statue_moat, layout_basic
D:2:      layout_basic, minmay_misc_feat_ornament, minmay_misc_feat_alley,
          nicolae_elevator_lobby_plus, uniq_terence, uniq_sigmund, uniq_robin

Notes
Turn   | Place    | Note
-------+----------+-------------------------------------------
     0 | D:1      | zeratav the Oni Warper began the quest for the Orb.
     0 | D:1      | Reached XP level 1. HP: 22/22 MP: 3/3
     0 | D:1      | magus.rc [v1.9.6]
   157 | D:1      | Reached skill level 3 in Fighting
   181 | D:1      | Reached XP level 2. HP: 31/31 MP: 5/5
   195 | D:1      | Learned a level 2 spell: Blink
   991 | D:2      | Noticed Sigmund
  1188 | D:2      | Reached XP level 3. HP: 36/39 MP: 6/6
  1457 | D:2      | Reached skill level 4 in Fighting
  1457 | D:2      | Reached skill level 3 in Maces & Flails
  1483 | D:2      | Noticed Terence
  1492 | D:2      | Killed Terence
  1493 | D:2      | Reached XP level 4. HP: 44/49 MP: 7/7
  1923 | D:2      | HP: 4/49 [Sigmund/+0 scythe (12)]
  1924 | D:2      | Killed from afar by Sigmund

Vanquished Creatures
  Terence (D:2)
  An adder (D:2)
  2 dart slugs
  4 ball pythons (D:1)
  2 bats
  5 endoplasms
  5 goblins
  2 jackals (D:2)
  3 frilled lizards
  2 kobolds
  2 rats
29 creatures vanquished.

Table legend:
 A = Non-vault XP
 B = Vault XP
 C = Vault XP percentage of total XP
 D = Non-vault monster count
 E = Vault monster count
 F = Vault count percentage of total count
                 A         B        C        D         E       F
            +---------+---------+-------+---------+---------+-------
      Total |      61 |      36 |  37.1 |      28 |       1 |   3.4
            +---------+---------+-------+---------+---------+-------
        D:1 |      27 |       0 |   0.0 |      15 |       0 |   0.0
        D:2 |      34 |      36 |  51.4 |      13 |       1 |   7.1
            +---------+---------+-------+---------+---------+-------

Skill      XL: |  1  2  3 |
---------------+----------+-----
Fighting       | 3 4 |  4.4
Maces & Flails | 3 |  3.3
Throwing       | |  1.0
Dodging        | |  2.1
Spellcasting   | |  2.4
Translocations | |  2.6

Action                     |  1- 3 |  4- 6 || total
---------------------------+-------+-------++-------
  Melee: Mace              |    71 |    16 ||    87
         Headbutt          |     9 |       ||     9
         Punch             |     1 |       ||     1
  Throw: Dart              |     4 |     6 ||    10
 Armour: Robe              |    55 |    16 ||    71
  Dodge: Dodged            |    46 |     6 ||    52

Illustrated notes

Table legend:
 A = Kills in this place as a percentage of kills in the entire game.
 B = Kills by you in this place as a percentage of kills by you in the entire game.
 C = Kills by friends in this place as a percentage of kills by friends in the entire game.
 D = Other kills in this place as a percentage of other kills in the entire game.
 E = Experience gained in this place as a percentage of experience gained in the entire game.
 F = Experience gained in this place divided by the number of levels of this place that you have seen.
                   A       B       C       D       E      F
               +-------+-------+-------+-------+-------+----------------------
         Total | 100.0 | 100.0 |   N/A |   N/A | 100.0 |  48.5
       Dungeon | 100.0 | 100.0 |   N/A |   N/A | 100.0 |  48.5
               +-------+-------+-------+-------+-------+----------------------

Table legend: (Time is in decaauts)
 A = Elapsed time spent in this place.
 B = Non-inter-level travel time spent in this place.
 C = Inter-level travel time spent in this place.
 D = Time resting spent in this place.
 E = Time spent auto-exploring this place.
 F = Levels seen in this place.
 G = Mean time per level.
                   A        B        C        D        E       F      G
               +--------+--------+--------+--------+--------+-----+--------+
         Total |   1949 |   1841 |    108 |    291 |   1196 |   2 |  974.5 |
       Dungeon |   1949 |   1841 |    108 |    291 |   1196 |   2 |  974.5 |
               +--------+--------+--------+--------+--------+-----+--------+

Top non-repeatable levels by time:
     D:1: 1229 daAuts
     D:2: 719 daAuts
